 Dungeon Crawl Stone Soup version 0.22.1-1-ga44c0e5 (webtiles) character file.

100 Fang the Skirmisher (level 4, 0/29 HPs)
             Began as a Gargoyle Berserker on Sept 21, 2018.
             Was a Believer of Trog.
             Slain by Sigmund
             ... wielding a +2 scythe of venom
              (6 damage)
             ... on level 2 of the Dungeon.
             The game lasted 00:01:24 (1117 turns).

Fang the Skirmisher (Gargoyle Berserker)            Turns: 1117, Time: 00:01:24

Health: 0/29       AC:  6    Str: 21    XL:     4   Next: 73%
Magic:  4/4        EV: 12    Int:  8    God:    Trog [**....]
Gold:   90         SH:  5    Dex:  9    Spells: 3/3 levels left

rFire    . . .     SeeInvis .   a - +0 hand axe
rCold    . . .     Gourm    .   (no shield)
rNeg     + . .     Faith    .   b - +0 animal skin
rPois    ∞         Spirit   .   (no helmet)
rElec    +         Reflect  +   (no cloak)
rCorr    .         Harm     .   s - +0 pair of gloves (curse)
MR       .....                  (no boots)
Stlth    ++........             v - +5 amulet of reflection
HPRegen  0.09/turn              k - ring of stealth
MPRegen  0.09/turn              o - +3 ring of slaying

@: berserk cooldown, slowed, very slow
A: negative energy resistance 1, electricity resistance, unbreathing,
petrification resistance, rot immunity, AC +3
a: Berserk, Trog's Hand, Renounce Religion


You were on level 2 of the Dungeon.
You worshipped Trog.
Trog was pleased with you.
You were not hungry.

You visited 1 branch of the dungeon, and saw 2 of its levels.

You collected 90 gold pieces.

Inventory:

Hand Weapons
 a - a +0 hand axe (weapon)
Armour
 b - a +0 animal skin (worn)
 s - a cursed +0 pair of gloves (worn)
Jewellery
 k - a ring of stealth (left hand)
 o - a +3 ring of slaying (right hand)
 r - a +2 ring of protection {unknown}
 v - a +5 amulet of reflection (around neck)
Scrolls
 e - a scroll of fog {unknown}
 g - 3 scrolls of blinking {unknown}
 i - 2 scrolls of fear {unknown}
 j - a scroll of identify {unknown}
 l - a scroll of magic mapping {unknown}
 m - 2 scrolls of teleportation {unknown}
 t - a scroll of enchant armour {unknown}
Potions
 d - a potion of mutation {unknown}
 f - a potion of curing {unknown}
 h - 2 potions of cancellation {unknown}
 n - 3 potions of degeneration {unknown}
 p - a potion of might {unknown}
 u - a potion of agility {unknown}
Comestibles
 c - 4 rations
 q - 3 chunks of flesh


   Skills:
 + Level 4.1 Fighting
 + Level 4.0 Axes
 + Level 2.3 Armour
 + Level 2.0 Dodging
 + Level 0.2 Stealth


You had 3 spell levels left.
You didn't know any spells.
Your spell library was empty.

Dungeon Overview and Level Annotations

Branches:
Dungeon (2/15)

Altars:

Annotations:
D:2 Sigmund


Innate Abilities, Weirdness & Mutations

You are resistant to torment.
Your stone body is resilient. (AC +3)
You are immune to poison.
You resist negative energy. (rN+)
You are resistant to electric shocks. (rElec)
You can survive without breathing.
You are immune to petrification.
You are immune to rotting.


Message History

You are too confused!
You are too confused!
You bump into the rock wall.
You feel your anger nearly subside.
You are no longer berserk.
You are exhausted.
You feel yourself slow down. Sigmund closely misses you.
Sigmund gestures wildly while chanting.
Sigmund flickers and vanishes!
Deactivating autopickup; reactivate with Ctrl-A.
You hear some strange, mumbled words.
You are more confused.
You bump into the rock wall.
Something hits you.
You bump into the rock wall.
Something hits you!
You bump into the rock wall.
Something hits you!
* * * LOW HITPOINT WARNING * * *
You miss something.
You feel less confused. Something completely misses you. Something hits you.
You die...

### ##########.#
#...{@.....#
....########.# #
#.# # #.# #### #.#
##... ####.###
##.... ##......##
#....#
##........###...##
#.................


There were no monsters in sight!

Vanquished Creatures
  Terence (D:2)
  4 adders (D:2)
  3 leopard geckos (D:2)
  4 bats (D:1)
  2 giant cockroaches
  4 goblins
  3 hobgoblins
  4 frilled lizards
  8 kobolds
  5 rats
38 creatures vanquished.

Vanquished Creatures (others)
  4 toadstools (D:1)
4 creatures vanquished.

Grand Total: 42 creatures vanquished

Notes
Turn   | Place    | Note
-------+----------+-------------------------------------------
     0 | D:1      | Fang the Gargoyle Berserker began the quest for the Orb.
     0 | D:1      | Reached XP level 1. HP: 14/14 MP: 1/1
   155 | D:1      | Reached XP level 2. HP: 19/19 MP: 2/2
   528 | D:2      | Reached XP level 3. HP: 19/24 MP: 3/3
   762 | D:2      | Noticed Terence
   774 | D:2      | Killed Terence
   774 | D:2      | Reached XP level 4. HP: 10/29 MP: 4/4
   774 | D:2      | Reached ** piety under Trog
  1104 | D:2      | Noticed Sigmund
  1117 | D:2      | Slain by Sigmund

Skill      XL: |  1  2  3  4 |
---------------+-------------+-----
Axes           | 3 4 |  4.0
Fighting       | 4 |  4.1
Dodging        | 2 |  2.0
Armour         | |  2.3
Stealth        | |  0.2

Action                   |  1- 3 |  4- 6 || total
-------------------------+-------+-------++-------
Melee: Hand axe          |    80 |    11 ||    91
Invok: Berserk           |     2 |     2 ||     4
 Stab: Sleeping          |     1 |       ||     1
  Eat: Chunk             |       |     4 ||     4
Armor: Animal skin       |    36 |     1 ||    37
Dodge: Dodged            |    80 |     8 ||    88
